 Dungeon Crawl Stone Soup version 0.24-a0-585-g5c5dc1b5cb (webtiles) character file.

Game seed: 9500772786431142561, levelgen mode: deterministic

24 Flugkiller the Gusty (level 3, 0/19 HPs)
             Began as a Tengu Air Elementalist on Sept 7, 2019.
             Slain by a gnoll (8 damage)
             ... on level 1 of the Dungeon.
             The game lasted 00:03:19 (1437 turns).

Flugkiller the Gusty (Tengu Air Elementalist)       Turns: 1437, Time: 00:03:20

Health: 0/19       AC:  2    Str:  8    XL:     3   Next: 2%
Magic:  7/7        EV: 12    Int: 16    God:
Gold:   68         SH:  0    Dex: 14    Spells: 5/6 levels left

rFire    . . .     SeeInvis .   (no weapon)
rCold    . . .     Gourm    .   (no shield)
rNeg     . . .     Faith    .   a - +0 robe
rPois    .         Spirit   .   (helmet restricted)
rElec    .         Reflect  .   (no cloak)
rCorr    .         Harm     .   (no gloves)
MR       .....                  (boots unavailable)
Stlth    ++........             (no amulet)
HPRegen  0.06/turn              (no ring)
MPRegen  0.10/turn              (no ring)

@: no status effects
A: beak, talons 3
a: no special abilities


You were on level 1 of the Dungeon.
You were not hungry.

You visited 1 branch of the dungeon, and saw 2 of its levels.

You collected 68 gold pieces.

Inventory:

Armour
 a - a +0 robe (worn)
Scrolls
 f - a scroll of remove curse {unknown}
 g - a scroll of identify {unknown}
 i - 2 scrolls of fog {unknown}
Potions
 b - 2 potions of curing {unknown}
 e - a potion of haste {unknown}
 h - a potion of agility {unknown}
Comestibles
 c - 3 rations
 d - 2 chunks of flesh


   Skills:
 - Level 2.1 Dodging
 - Level 2.0 Stealth
 + Level 2.4 Spellcasting
 + Level 2.4 Conjurations
 + Level 4.5 Air Magic


You had 5 spell levels left.
You knew the following spells:

 Your Spells              Type           Power        Failure   Level  Hunger
a - Shock                 Conj/Air       ##..         4%          1    #......

Your spell library contained the following spells:

 Spells                   Type           Power        Failure   Level  Hunger
 Swiftness                Chrm/Air       #.......     12%         2    ###....
 Static Discharge         Conj/Air       ##......     14%         3    ###....
 Airstrike                Air            ###.......   30%         4    #####..
 Lightning Bolt           Conj/Air       ##........   78%         5    ######.


Dungeon Overview and Level Annotations

Branches:
Dungeon (2/15)

Altars:


Innate Abilities, Weirdness & Mutations

You have a beak for a mouth.
You have claws for feet.


Message History

Unknown command.
Things that are here:
a +0 club; a gnoll corpse You butcher the gnoll corpse.
d - 4 chunks of flesh
Things that are here:
a +0 club; a gnoll skeleton You start resting.
Eating one of 4 chunks of flesh.
You eat one of the 4 chunks of flesh.
This raw flesh tastes terrible.
You are feeling hungry.
Eating one of 3 chunks of flesh.
You eat one of the 3 chunks of flesh.
This raw flesh tastes terrible.
Magic restored.
You start resting.
HP restored.
There is a stone staircase leading down here.
You see here a +0 dagger.
You see here 16 stones.
There is a stone staircase leading down here.
You climb downwards.
The gnoll hits you. The gnoll barely misses you.
There is a stone staircase leading up here.
You see here 3 stones.
The gnoll hits you.
The gnoll hits you from afar with a +0 halberd!
* * * LOW HITPOINT WARNING * * *
You climb upwards.
There is a stone staircase leading down here.
Unknown command.
Unknown command.
The gnoll closely misses you.
Casting: Shock (safe; 4% risk of failure)
Confirm with . or Enter, or press ? or * to list all spells.
Aiming: Shock (safe; 4% risk of failure)
Press: ? - help, Shift-Dir - straight line That beam is likely to hit you.
Continue anyway?
Okay, then.
Casting: Shock (safe; 4% risk of failure)
Confirm with . or Enter, or press ? or * to list all spells.
Aiming: Shock (safe; 4% risk of failure)
Press: ? - help, Shift-Dir - straight line The zap misses the gnoll.
The zap hits the gnoll.
The gnoll is moderately wounded.
The gnoll hits you.
* * * LOW HITPOINT WARNING * * *
You see here a +0 dagger.
There is a stone staircase leading down here.
Things that are here:
a +0 club; a gnoll skeleton The gnoll hits you!
You die...

....#
#......#
#####
#..♣♣..#
##.....#
##....#
####.# #.#
########
##########.#
.......#
#.g...>....#
######.#
#@##########
#.# #.# #.#
#.# #.# #.#
#.#########)#
#...........#
#############


You could see a gnoll.

Vanquished Creatures
  A gnoll (D:1)
  4 goblins (D:1)
  A hobgoblin (D:1)
  A bat (D:1)
  A frilled lizard (D:1)
  5 kobolds
  3 rats (D:1)
16 creatures vanquished.

Notes
Turn   | Place    | Note
-------+----------+-------------------------------------------
     0 | D:1      | Flugkiller the Tengu Air Elementalist began the quest for
                  | the Orb.
     0 | D:1      | Reached XP level 1. HP: 10/10 MP: 4/4
   323 | D:1      | Reached XP level 2. HP: 15/15 MP: 3/6
  1221 | D:1      | Reached XP level 3. HP: 13/19 MP: 3/7
  1437 | D:1      | Slain by a gnoll

Levels and vault maps discovered:
D:1:      tarquinn_simple_flora_water_c, layout_loops_ring, serial_park_tiny_1
D:2:      layout_basic, gammafunk_temple_overflow_forgotten,
          chequers_temple_overflow_statue_of_worship, minmay_small_reverse_x

Skill      XL: |  1  2 |
---------------+-------+-----
Conjurations   | 2 |  2.4
Dodging        | |  2.1
Stealth        | |  2.0
Spellcasting   | |  2.4
Air Magic      | |  4.5

Action                   || total
-------------------------++-------
Melee: Unarmed           ||     1
 Cast: Shock             ||    42
  Eat: Chunk             ||     2
Dodge: Dodged            ||    13

Table legend:
 A = Non-vault XP
 B = Vault XP
 C = Vault XP percentage of total XP
 D = Non-vault monster count
 E = Vault monster count
 F = Vault count percentage of total count
                 A         B        C        D         E       F
            +---------+---------+-------+---------+---------+-------
      Total |      35 |       0 |   0.0 |      16 |       0 |   0.0
            +---------+---------+-------+---------+---------+-------
        D:1 |      33 |       0 |   0.0 |      14 |       0 |   0.0
        D:2 |       2 |       0 |   0.0 |       2 |       0 |   0.0
            +---------+---------+-------+---------+---------+-------
